[Event "Titled Tuesday Blitz February 22 Late 2022"]
[White "Indjic, Aleksandar"]
[Black "Vidit, Santosh Gujrathi"]
[WhiteFideId "911925"]
[BlackFideId "5029465"]
[WhiteElo "2616"]
[BlackElo "2654"]
[Result "1-0"]
[Round "10"]
[TimeControl "180+1"]
[Date "2022.02.22"]
[WhiteClock "0:00:45"]
[BlackClock "0:00:02"]

1. d4 Nf6 2. c4 e6 3. Nc3 Bb4 4. Qc2 O-O 5. a3 Bxc3+ 6. Qxc3 d6 7. Nf3 Re8 8. e3 Qe7 9. b4 e5 10. dxe5 dxe5 11. Bb2 Nbd7 12. Be2 c5 13. Nd2 b6 14. b5 Bb7 15. f3 Nh5 16. O-O-O f5 17. Rhe1 Nhf6 18. h3 Nf8 19. Bd3 e4 20. fxe4 fxe4 21. Bc2 Ng6 22. g4 Nh4 23. g5 Nh5 24. Rg1 Nf3 25. Rg4 Rad8 26. Nxe4 Rxd1+ 27. Kxd1 Bc8 28. Nf6+ Nxf6 29. gxf6 Qd8+ 30. Kc1 g5 31. f7+ Kxf7 32. Qg7+ Ke6 33. Re4+ Kd6 34. Rxe8 Qxe8 35. Qf6+ Be6 36. Qxf3 Bxc4 37. Qg3+ Kd7 38. Bf5+ Ke7 39. Qxg5+ Kd6 40. Qf4+ Ke7 41. Qc7+ Kf8 42. Qg7# 1-0


[Site "https://www.chess.com"]

[Event "Titled Tuesday Blitz February 22 Late 2022"]
[White "Kamsky, Gata"]
[Black "Goryachkina, Aleksandra"]
[WhiteFideId "2000024"]
[BlackFideId "4147103"]
[WhiteElo "2645"]
[BlackElo "2426"]
[Result "1-0"]
[Round "10"]
[TimeControl "180+1"]
[Date "2022.02.22"]
[WhiteClock "0:02:00"]
[BlackClock "0:00:26"]

1. e4 c5 2. Nc3 e6 3. Nf3 d5 4. exd5 exd5 5. Bb5+ Nc6 6. O-O Nf6 7. d4 Be7 8. dxc5 Bxc5 9. Bg5 Be6 10. Bxf6 gxf6 11. Nd4 Qd6 12. Na4 Bb4 13. c3 Ba5 14. b4 Bc7 15. f4 a6 16. Bxc6+ bxc6 17. Qh5 O-O-O 18. Qe2 1-0


[Site "https://www.chess.com"]

[Event "Titled Tuesday Blitz February 22 Late 2022"]
[White "Karttunen, Mika"]
[Black "Ansh M Shah"]
[WhiteFideId "502081"]
[BlackFideId "25033379"]
[WhiteElo "2343"]
[BlackElo "1819"]
[Result "1/2-1/2"]
[Round "10"]
[TimeControl "180+1"]
[Date "2022.02.23"]
[WhiteClock "0:00:09"]
[BlackClock "0:00:19"]

1. d4 Nf6 2. Bf4 e6 3. e3 d5 4. c3 Be7 5. Nf3 O-O 6. Nbd2 Nbd7 7. Bd3 b6 8. O-O Bb7 9. Ne5 c5 10. Qf3 Re8 11. Qh3 Nf8 12. Ndf3 Ne4 13. Bb5 f6 14. Nd3 e5 15. dxe5 Bc8 16. Qh5 Bd7 17. Bxd7 Qxd7 18. exf6 Nxf6 19. Qh3 Qxh3 20. gxh3 Ne4 21. Rad1 Ne6 22. Bg3 Rad8 23. Kg2 a5 24. Nde5 Bf6 25. Nd2 Nxg3 26. hxg3 Bxe5 27. f4 Bf6 28. g4 h6 29. Rfe1 g5 30. f5 Nc7 31. e4 dxe4 32. Nxe4 Kf7 33. Nxf6 Kxf6 34. Kf3 Rxd1 35. Rxd1 Ke7 36. h4 gxh4 37. Rh1 h5 38. Rxh4 hxg4+ 39. Kxg4 Rg8+ 40. Kf4 Rg2 41. Rh7+ Kd6 42. Rh6+ Kd7 43. Rh7+ Kc6 44. Rh6+ Kd5 45. Rxb6 Rf2+ 46. Kg5 Ne8 47. Rb8 Nd6 48. f6 Ne4+ 49. Kg6 Rxf6+ 50. Kg7 Rf2 51. Rb5 a4 52. b3 axb3 53. axb3 Nxc3 54. b4 Ne4 55. bxc5 Nxc5 56. Rb6 Ne4 57. Rg6 Ke5 58. Ra6 Rg2+ 59. Rg6 Ra2 60. Rb6 Ra7+ 61. Kg6 Nd6 62. Rc6 Kd5 63. Rb6 Kc5 64. Rb1 Ra6 65. Rd1 Ne4+ 66. Kf5 Ng3+ 67. Kg5 Ra5 68. Kg4 Ne4 69. Kf4 Nc3 70. Rc1 Kd4 71. Rh1 Ra2 72. Rh4 Ne2+ 73. Kf5+ Ke3 74. Rb4 Ra5+ 75. Kg4 Nd4 76. Rc4 Re5 77. Rb4 Ke4 78. Kg3 Re8 79. Ra4 Rg8+ 80. Kf2 Kd3 81. Ra8 Rf8+ 82. Rxf8 Nc2 83. Rf4 Nd4 84. Rh4 Kc4 85. Rh3 Kd5 86. Rh4 Nf5 87. Rg4 Ke5 88. Rg5 Kf4 89. Rg8 Ke5 90. Rf8 Nd6 91. Ke3 Nc4+ 92. Kd3 Nd6 93. Rh8 Nf7 94. Rh5+ Kf4 95. Rh7 Ng5 96. Ra7 Kf5 97. Kd4 Ne6+ 98. Kd5 Nf4+ 99. Kd6 Ke4 100. Ra4+ Ke3 101. Rb4 Nd3 102. Rb3 Kd4 103. Ra3 Kc4 104. Ra4+ Kc3 105. Rh4 Kd2 106. Kd5 Ke3 107. Rh3+ Ke2 108. Kc4 Nf2 109. Rh2 Kf3 110. Kd4 Ng4 111. Rh7 Kf4 112. Rf7+ Kg5 113. Ke4 Nf6+ 114. Ke5 Ng4+ 115. Ke4 Nf6+ 116. Kf3 Kf5 117. Rf8 Ke6 1/2-1/2


[Site "https://www.chess.com"]

[Event "Titled Tuesday Blitz February 22 Late 2022"]
[White "Kim, Sergey"]
[Black "Villegas, Pierre"]
[WhiteFideId "13700570"]
[BlackFideId "654183"]
[WhiteElo "2614"]
[BlackElo "2410"]
[Result "1-0"]
[Round "10"]
[TimeControl "180+1"]
[Date "2022.02.23"]
[WhiteClock "0:00:40"]
[BlackClock "0:00:07"]

1. d4 d5 2. c4 e6 3. Nc3 a6 4. cxd5 exd5 5. Nf3 Nf6 6. Bg5 Be6 7. e3 Nbd7 8. Bd3 Bd6 9. Rc1 c6 10. Bb1 Qb8 11. Qc2 Bg4 12. Ne2 Bb4+ 13. Kf1 Bh5 14. Nf4 Bg6 15. Nxg6 hxg6 16. h3 O-O 17. Qb3 Bd6 18. Qc3 a5 19. a3 a4 20. Bd3 Re8 21. Qc2 Qa7 22. g3 Ne4 23. Bf4 Ndf6 24. Bxd6 Nxd6 25. Ne5 Qa5 26. Kg2 Qc7 27. h4 Qe7 28. Rce1 Nd7 29. Nf3 Ne4 30. h5 gxh5 31. Rxh5 g6 32. Rh4 Kg7 33. Reh1 Rh8 34. Bxe4 dxe4 35. Rxe4 Qd6 36. Reh4 Rxh4 37. Rxh4 Nf6 38. e4 Qe7 39. e5 Nd5 40. Qd2 Rh8 41. Rxh8 Kxh8 42. Qh6+ Kg8 43. Ng5 Qd7 44. Qh7+ Kf8 45. e6 1-0


[Site "https://www.chess.com"]

[Event "Titled Tuesday Blitz February 22 Late 2022"]
[White "Kohler, Aran"]
[Black "Gatterer, Florian"]
[WhiteFideId "1002856"]
[BlackFideId "811688"]
[WhiteElo "2248"]
[BlackElo "2218"]
[Result "1/2-1/2"]
[Round "10"]
[TimeControl "180+1"]
[Date "2022.02.23"]
[WhiteClock "0:02:10"]
[BlackClock "0:02:18"]

1. d4 Nf6 2. c3 c5 3. Nf3 cxd4 4. cxd4 d5 5. Nc3 Nc6 6. Bf4 Bf5 7. e3 e6 8. Bb5 Bb4 9. O-O O-O 10. Ne5 Nxe5 11. Bxe5 Ne4 12. Nxe4 Bxe4 13. Bd3 Bxd3 14. Qxd3 Bd6 15. Bxd6 Qxd6 16. Rfc1 Rfc8 17. Rc3 Rc6 18. Rac1 Rac8 19. Rxc6 Rxc6 20. Rxc6 Qxc6 21. Qd2 Qb5 22. g3 g6 23. Kg2 h5 24. h4 1/2-1/2


[Site "https://www.chess.com"]

[Event "Titled Tuesday Blitz February 22 Late 2022"]
[White "Kostiukov, Alexandr"]
[Black "Jarocka, Liwia"]
[WhiteFideId "14108100"]
[BlackFideId "21807558"]
[WhiteElo "2202"]
[BlackElo "1896"]
[Result "0-1"]
[Round "10"]
[TimeControl "180+1"]
[Date "2022.02.23"]
[WhiteClock "0:00:01"]
[BlackClock "0:00:32"]

1. g3 d5 2. Bg2 Nf6 3. d3 e5 4. e4 dxe4 5. dxe4 Qxd1+ 6. Kxd1 Bc5 7. f3 O-O 8. Nd2 Rd8 9. c3 Nc6 10. Kc2 Be6 11. Bh3 Bxh3 12. Nxh3 a5 13. a4 Rd7 14. Nb3 Bb6 15. Bg5 Ne8 16. Rhd1 Nd6 17. Rd3 f6 18. Be3 Bxe3 19. Rxe3 Nc4 20. Re2 b6 21. Nf2 Rad8 22. Rd1 Kf7 23. Rxd7+ Rxd7 24. Nd1 Ne7 25. Ne3 Nxe3+ 26. Rxe3 Nc8 27. Nd2 Nd6 28. b3 Ke6 29. f4 g5 30. fxe5 fxe5 31. Rf3 g4 32. Rf2 h5 33. b4 c5 34. bxa5 bxa5 35. Rf8 h4 36. Rg8 hxg3 37. hxg3 Rh7 38. Rxg4 Rh2 39. Kd3 Rf2 40. Rg6+ Kd7 41. Rg7+ Kc6 42. Rg6 Kd7 43. g4 Rg2 44. g5 Rg3+ 45. Kc2 Rg2 46. Rg7+ Kc6 47. Kd3 c4+ 48. Ke3 Rg3+ 49. Ke2 Rg2+ 50. Ke3 Rg3+ 51. Kf2 Rxc3 52. g6 Rc2 53. Ke3 c3 54. Nf3 Ra2 55. Nxe5+ Kb6 56. Kd3 c2 57. Kd2 Nxe4+ 58. Kc1 Nc3 59. Nd3 Ne2+ 60. Kd2 c1=Q# 0-1


[Site "https://www.chess.com"]

[Event "Titled Tuesday Blitz February 22 Late 2022"]
[White "Kovanova, Baira"]
[Black "Bryakin, Mikhail"]
[WhiteFideId "4164083"]
[BlackFideId "4165314"]
[WhiteElo "2190"]
[BlackElo "2421"]
[Result "0-1"]
[Round "10"]
[TimeControl "180+1"]
[Date "2022.02.22"]
[WhiteClock "0:00:11"]
[BlackClock "0:00:20"]

1. e4 c5 2. Nf3 Nc6 3. Bb5 Na5 4. O-O Nf6 5. Re1 a6 6. Bf1 g6 7. e5 Nd5 8. d4 c4 9. Ng5 e6 10. Qf3 f6 11. exf6 Nxf6 12. Nd2 Bg7 13. Nxc4 Nxc4 14. Bxc4 O-O 15. Qh3 d5 16. Bb3 Qd6 17. Qg3 Qb6 18. c3 Bd7 19. Qd3 Rae8 20. Bf4 Ng4 21. Bg3 Bb5 22. Qd2 h6 23. Nf3 Nf6 24. Ne5 Ne4 25. Rxe4 dxe4 26. Nxg6 Rf5 27. Nf4 Kh7 28. Re1 e5 29. Nd5 Qg6 30. dxe5 Bxe5 31. Bc2 Bxg3 32. hxg3 Bd3 33. Nf4 Qc6 34. Bxd3 exd3 35. Rxe8 Qxe8 36. Qxd3 Qe1+ 37. Kh2 Qe5 38. Qd7+ Kg8 39. Qc7 Qxc7 0-1


[Site "https://www.chess.com"]

[Event "Titled Tuesday Blitz February 22 Late 2022"]
[White "Kukhmazov, Arsen"]
[Black "Hambleton, Aman"]
[WhiteFideId "24108260"]
[BlackFideId "2606577"]
[WhiteElo "2487"]
[BlackElo "2552"]
[Result "1-0"]
[Round "10"]
[TimeControl "180+1"]
[Date "2022.02.22"]
[WhiteClock "0:00:20"]
[BlackClock "0:00:01"]

1. Nf3 d5 2. c4 d4 3. e3 dxe3 4. fxe3 Nc6 5. d4 e5 6. d5 Nb8 7. Nc3 Nd7 8. Bd3 Ngf6 9. O-O Bd6 10. Ng5 Nc5 11. Bc2 a5 12. e4 h6 13. Nf3 O-O 14. Qe1 Nh5 15. Be3 Qe7 16. Nb5 Bd7 17. Nxd6 cxd6 18. b3 b6 19. a3 Be8 20. Qf2 Qc7 21. b4 Nd7 22. Bd3 Kh7 23. Nh4 g6 24. Qd2 g5 25. Nf5 Ng7 26. Nxg7 Kxg7 27. Bxg5 Rh8 28. Bh4 f6 29. Qf2 Rf8 30. Qg3+ Bg6 31. Qe3 Rf7 32. Be1 axb4 33. Bd2 bxa3 34. Qxh6+ Kg8 35. Qxg6+ Rg7 36. Qf5 Nc5 37. Bc2 b5 38. Qxf6 b4 39. Bxb4 Nd7 40. Qxd6 Qa7+ 41. c5 Rb8 42. Rxa3 Qb7 43. Qe6+ Kh8 44. Rh3+ 1-0


[Site "https://www.chess.com"]

[Event "Titled Tuesday Blitz February 22 Late 2022"]
[White "Loay, Sameer"]
[Black "Zakhartsov, Vladimir"]
[WhiteFideId "8104239"]
[BlackFideId "4145097"]
[WhiteElo "2040"]
[BlackElo "2432"]
[Result "0-1"]
[Round "10"]
[TimeControl "180+1"]
[Date "2022.02.22"]
[WhiteClock "0:00:11"]
[BlackClock "0:00:09"]

1. Nf3 d5 2. g3 Bf5 3. Bg2 c6 4. O-O Nf6 5. d3 e6 6. Nbd2 h6 7. b3 a5 8. a4 Nbd7 9. Bb2 Be7 10. e4 Bh7 11. Qe2 O-O 12. Ne5 Nxe5 13. Bxe5 Nd7 14. Bb2 Bf6 15. e5 Be7 16. f4 b5 17. g4 Nc5 18. axb5 cxb5 19. Kh1 a4 20. bxa4 bxa4 21. Ba3 Nd7 22. f5 Bxa3 23. Rxa3 exf5 24. gxf5 Qe7 25. Ra2 Nxe5 26. Bxd5 Ra5 27. c4 Nc6 28. Qg2 Bxf5 29. Rxf5 Nb4 30. Ra1 Nxd5 31. Rxd5 Rxd5 32. cxd5 a3 33. Nc4 Qb4 34. h3 Ra8 35. d6 Ra7 36. Qf2 Ra8 37. d7 Qe7 38. Qd4 Rd8 39. Rxa3 Rxd7 40. Ra8+ Kh7 41. Qe4+ Qxe4+ 42. dxe4 Rd4 43. Ne3 Rxe4 44. Ng2 f5 45. Rf8 g6 46. Kh2 Kg7 47. Ra8 g5 48. Kg3 Kg6 49. Ra6+ Kh5 50. Kf3 Rb4 51. Ne3 Rb3 52. Kf2 f4 53. Ng4 Rxh3 54. Nf6+ Kh4 55. Ne4 h5 56. Ra5 g4 57. Nf6 Rh2+ 58. Kg1 Rb2 59. Rxh5+ Kg3 60. Ne4+ Kf3 61. Ng5+ Ke3 62. Rh6 f3 63. Re6+ Kf4 64. Nf7 Kg3 65. Kf1 Rb1+ 66. Re1 Rxe1+ 67. Kxe1 Kg2 0-1


[Site "https://www.chess.com"]

[Event "Titled Tuesday Blitz February 22 Late 2022"]
[White "Lock, Gavin R"]
[Black "Levine, Joseph"]
[WhiteFideId "408646"]
[BlackFideId "30940346"]
[WhiteElo "2104"]
[BlackElo "1802"]
[Result "0-1"]
[Round "10"]
[TimeControl "180+1"]
[Date "2022.02.23"]
[WhiteClock "0:00:03"]
[BlackClock "0:00:06"]

1. d4 d5 2. Nf3 Nf6 3. Bf4 Bf5 4. e3 e6 5. c4 Bxb1 6. Qxb1 Bb4+ 7. Kd1 Nbd7 8. a3 Bd6 9. Bxd6 cxd6 10. cxd5 Nxd5 11. Bd3 N5f6 12. Ke2 O-O 13. Rc1 e5 14. Kf1 Rc8 15. Be2 Qb6 16. b4 h6 17. Qb2 a5 18. b5 e4 19. Nd2 d5 20. a4 Rxc1+ 21. Rxc1 Ne8 22. Rc3 f5 23. g3 g5 24. Qb3 Ndf6 25. Rc5 Nd6 26. Qc3 f4 27. exf4 gxf4 28. gxf4 Nf5 29. Ke1 Qd6 30. Nf1 Qxf4 31. Rc8 Qd6 32. Rxf8+ Qxf8 33. h3 Qd8 34. Ne3 Nxe3 35. fxe3 Qd6 36. Qc5 Ne8 37. Kd2 Kf8 38. Bg4 b6 39. Qc8 Ke7 40. Qb7+ Nc7 41. Qc6 Qxc6 42. bxc6 Kd6 43. Bd7 Na6 44. Kc3 Nb8 45. Be8 Nxc6 46. Bf7 Ne7 47. Be8 Ke6 48. Bb5 Kf5 49. Be2 Kg5 50. Kd2 Kh4 51. Ke1 Kxh3 52. Kf2 Kh4 0-1


[Site "https://www.chess.com"]

[Event "Titled Tuesday Blitz February 22 Late 2022"]
[White "Lopez Del Alamo, Antonio"]
[Black "Golubev, Mikhail"]
[WhiteFideId "2227339"]
[BlackFideId "14100983"]
[WhiteElo "2082"]
[BlackElo "2374"]
[Result "1-0"]
[Round "10"]
[TimeControl "180+1"]
[Date "2022.02.23"]
[WhiteClock "0:01:20"]
[BlackClock "0:00:06"]

1. e4 c5 2. Nf3 d6 3. d4 Nf6 4. Nc3 cxd4 5. Nxd4 g6 6. Be2 Bg7 7. O-O O-O 8. Bg5 Nc6 9. Nb3 Be6 10. Kh1 Na5 11. Nxa5 Qxa5 12. f4 Rac8 13. Bd3 Bc4 14. Qe2 Bxd3 15. cxd3 Rfe8 16. f5 Qe5 17. Rad1 gxf5 18. d4 Qa5 19. Rxf5 Qa6 20. Qf3 Rf8 21. e5 dxe5 22. dxe5 Rxc3 23. bxc3 Qa4 24. exf6 exf6 25. Bxf6 1-0


[Site "https://www.chess.com"]

[Event "Titled Tuesday Blitz February 22 Late 2022"]
[White "Maksimovic, Bojan"]
[Black "Djokic, Mihailo"]
[WhiteFideId "14408120"]
[BlackFideId "976440"]
[WhiteElo "2450"]
[BlackElo "2008"]
[Result "1-0"]
[Round "10"]
[TimeControl "180+1"]
[Date "2022.02.22"]
[WhiteClock "0:00:04"]
[BlackClock "0:00:02"]

1. a3 e5 2. c4 Nc6 3. b4 f5 4. Bb2 d6 5. g3 Nf6 6. Bg2 g6 7. d3 Bg7 8. e3 O-O 9. Ne2 Kh8 10. Nbc3 Be6 11. Nd5 Rb8 12. O-O Ne7 13. Nec3 c6 14. Nxf6 Bxf6 15. f4 exf4 16. exf4 d5 17. Qe2 Bg8 18. Rad1 Qd7 19. Na4 d4 20. Nc5 Qd6 21. Nb3 b6 22. Rfe1 c5 23. b5 h6 24. Nd2 g5 25. fxg5 hxg5 26. Qh5+ Kg7 27. Qe2 Ng6 28. Qf2 Ne7 29. Nf3 Rbe8 30. Bc1 g4 31. Bf4 Qd8 32. Ne5 Ng6 33. Nxg6 Kxg6 34. Bc6 Re6 35. Rxe6 Bxe6 36. Re1 Bf7 37. Qe2 Bg5 38. Qe5 Bf6 39. Qe2 Rh8 40. Qd2 Be8 41. Bd5 Bd7 42. Qg2 Re8 43. Qf2 Re7 44. Re2 Qe8 45. Kf1 Be6 46. Qe1 Bxd5 47. Rxe7 Qxe7 48. Qxe7 Bxe7 49. cxd5 c4 50. dxc4 Bxa3 51. Ke2 Kf6 52. Kd3 Bc5 53. Bb8 Kg5 54. Bxa7 Kf6 55. Bb8 Kg5 56. Bf4+ Kf6 57. Bc1 Ke5 58. Bh6 Kf6 59. Bf4 Kf7 60. Be5 f4 61. Bxf4 Kg6 62. Be5 Bd6 63. Bxd6 Kf5 64. Kxd4 1-0


[Site "https://www.chess.com"]

[Event "Titled Tuesday Blitz February 22 Late 2022"]
[White "Maltsevskaya, Aleksandra"]
[Black "Kosakowski, Jakub"]
[WhiteFideId "24174041"]
[BlackFideId "1185080"]
[WhiteElo "2283"]
[BlackElo "2476"]
[Result "1-0"]
[Round "10"]
[TimeControl "180+1"]
[Date "2022.02.22"]
[WhiteClock "0:00:04"]
[BlackClock "0:00:04"]

1. e4 c5 2. Nf3 d6 3. d4 cxd4 4. Nxd4 Nf6 5. Nc3 Nc6 6. Bg5 e6 7. Qd2 a6 8. O-O-O Bd7 9. f3 Be7 10. h4 h6 11. Be3 h5 12. Rg1 Rc8 13. g4 hxg4 14. fxg4 Rxh4 15. g5 Nxe4 16. Nxe4 Rxe4 17. g6 Bf6 18. gxf7+ Kxf7 19. Nxc6 Bxc6 20. Bd3 Bd5 21. Bg5 Bxg5 22. Rxg5 Re5 23. Rf1+ Kg8 24. Rxe5 dxe5 25. Bg6 Qh4 26. b3 b5 27. Kb1 Qh6 28. Qd3 b4 29. Qxa6 Ra8 30. Qd3 Qh4 31. Qd2 Rc8 32. Bf7+ Kh8 33. Bg6 e4 34. Qd4 Qh2 35. Bxe4 Bxe4 36. Qxe4 Qd6 37. Rh1+ Kg8 38. Qh7+ Kf7 39. Rf1+ Ke8 40. Qg8+ Kd7 41. Rf7+ Kc6 42. Qxc8+ Kd5 43. Qb7+ Ke5 44. Qf3 Qd4 45. Qe2+ Kd6 46. Rf1 1-0


[Site "https://www.chess.com"]

[Event "Titled Tuesday Blitz February 22 Late 2022"]
[White "Martin Barcelo, Carles"]
[Black "Jaferian, Koosha"]
[WhiteFideId "24561444"]
[BlackFideId "12507440"]
[WhiteElo "1875"]
[BlackElo "2027"]
[Result "1-0"]
[Round "10"]
[TimeControl "180+1"]
[Date "2022.02.23"]
[WhiteClock "0:00:05"]
[BlackClock "0:00:09"]

1. e4 c6 2. d4 d5 3. exd5 cxd5 4. Bd3 Nc6 5. c3 Qc7 6. Ne2 Bg4 7. O-O e6 8. Qe1 Nf6 9. f3 Bh5 10. Qh4 Rg8 11. Bf4 Bd6 12. Bxd6 Qxd6 13. Nd2 Bg6 14. Bxg6 hxg6 15. Qg3 Qxg3 16. hxg3 Kd7 17. Nf4 Rab8 18. Nd3 Ne8 19. Kf2 Nd6 20. Rh1 Rh8 21. Rae1 Na5 22. Ne5+ Ke7 23. g4 Nc6 24. Nd3 g5 25. Nc5 b6 26. Nd3 Rbc8 27. Nc1 a5 28. Nd3 a4 29. a3 Na5 30. Ke2 Nac4 31. Nxc4 Nxc4 32. Kf2 Kd6 33. Ke2 f6 34. Kd1 e5 35. dxe5+ fxe5 36. Kc1 Rce8 37. Nb4 Kc5 38. Rd1 Ne3 39. Rxh8 Rxh8 40. Re1 Nc4 41. Rd1 Ne3 42. Re1 d4 43. Nd3+ Kd6 44. cxd4 exd4 45. Nf2 Rc8+ 46. Kb1 Rc2 47. Ne4+ Ke5 48. Rxe3 Rxg2 49. Rd3 Rg1+ 50. Kc2 Rg2+ 51. Rd2 Rg1 52. Nxg5 Kd5 53. Ne4 Kc4 54. Nd6+ Kd5 55. Ne8 g5 56. Nc7+ Kc4 57. Ne6 Rf1 58. Rxd4+ Kb5 59. Rd5+ Kc6 60. Rxg5 Rf2+ 61. Kc3 Rxf3+ 62. Kc4 Rf2 63. Nd4+ Kd7 64. Rb5 Kc7 65. Rb4 Kd6 66. Nb5+ Kc6 67. Nc3 Rf4+ 68. Kd3 Rf3+ 69. Kc2 Rf2+ 70. Kb1 b5 71. Nxb5 Kb6 72. Nc3+ Ka5 73. Nxa4 Rf1+ 74. Ka2 Rg1 75. Nc3 Rg2 76. Rb5+ Ka6 77. a4 Rg1 78. Kb3 Rg2 79. g5 Rg4 80. Rf5 Rg2 81. Rf6+ Ka5 82. g6 Rxg6 83. Rf5+ Ka6 84. Ka3 Rg3 85. Rc5 Rf3 86. Rc8 Kb7 87. Rc4 Rf2 88. b4 Rf1 89. Kb3 Rh1 90. a5 Ka6 91. Rc6+ Kb7 92. b5 Rh4 93. Na4 Rh3+ 94. Kb4 Rh4+ 95. Rc4 Rh1 96. Nc5+ Ka7 97. b6+ Ka8 98. Kb5 Rh6 99. a6 Rh8 100. b7+ Ka7 101. Na4 Rh5+ 102. Rc5 Rh8 103. Nb6 Rh1 104. Nc8+ Kb8 105. Nd6 Rb1+ 106. Kc4 Ka7 107. Rc8 Rc1+ 108. Kd5 Rb1 109. Ra8+ Kb6 110. b8=Q+ Ka5 111. Qxb1 Ka4 112. Rb8 Ka5 113. Qb4+ Kxa6 114. Ra8# 1-0


[Site "https://www.chess.com"]

[Event "Titled Tuesday Blitz February 22 Late 2022"]
[White "Mekhitarian, Krikor Sevag"]
[Black "Hakemi, Arman"]
[WhiteFideId "2107660"]
[BlackFideId "22520805"]
[WhiteElo "2598"]
[BlackElo "2208"]
[Result "0-1"]
[Round "10"]
[TimeControl "180+1"]
[Date "2022.02.22"]
[WhiteClock "0:00:05"]
[BlackClock "0:01:00"]

1. e4 c5 2. Nf3 e6 3. d4 cxd4 4. Nxd4 Nc6 5. Nc3 Qc7 6. g3 a6 7. Bg2 Nf6 8. O-O Nxd4 9. Qxd4 Bc5 10. Bf4 d6 11. Qd3 Ng4 12. Na4 e5 13. Nxc5 exf4 14. Nb3 Ne5 15. Qd2 f3 16. Bh1 h5 17. Nd4 Bg4 18. h4 O-O-O 19. Qf4 d5 20. exd5 Rxd5 21. c3 Rhd8 22. Rad1 f6 23. Rfe1 g5 24. hxg5 fxg5 25. Qf6 h4 26. gxh4 gxh4 27. Qf4 Rg8 28. Kh2 Bd7 29. Rxe5 Rxe5 30. Bxf3 Reg5 31. Qxc7+ Kxc7 32. Re1 R5g7 33. Re5 Rf8 34. Rh5 Rgf7 35. Kg2 Rxf3 36. Nxf3 Bc6 37. Rxh4 Rxf3 38. Rh7+ Rf7+ 0-1


[Site "https://www.chess.com"]

[Event "Titled Tuesday Blitz February 22 Late 2022"]
[White "Migot, Tangi"]
[Black "Wu, Christopher"]
[WhiteFideId "662445"]
[BlackFideId "2040875"]
[WhiteElo "2506"]
[BlackElo "2631"]
[Result "0-1"]
[Round "10"]
[TimeControl "180+1"]
[Date "2022.02.23"]
[WhiteClock "0:00:17"]
[BlackClock "0:00:16"]

1. Nf3 c5 2. c3 d5 3. g3 Nf6 4. Bg2 Nc6 5. d4 Bf5 6. dxc5 a5 7. Nd4 Be4 8. O-O e5 9. Nxc6 bxc6 10. b4 Be7 11. a3 Qd7 12. Bg5 Bxg2 13. Kxg2 h5 14. h4 Ne4 15. Bxe7 Qxe7 16. f3 Nf6 17. Nd2 Rg8 18. e4 g5 19. hxg5 Rxg5 20. Rh1 O-O-O 21. Qe2 dxe4 22. Nxe4 Nxe4 23. fxe4 Rdg8 24. Qa6+ Qb7 25. Qxb7+ Kxb7 26. Rh3 h4 27. Rxh4 Rxg3+ 28. Kh1 Rxc3 29. Rh7 Rf3 30. Rh6 Rg4 31. Re1 Rxa3 32. bxa5 Rxa5 33. Rf6 Rxc5 34. Rxf7+ Kb6 35. Rb1+ Rb5 36. Re1 Rb4 37. Re7 Rbxe4 38. Rxe5 Rxe5 39. Rxe5 c5 40. Kh2 Kb5 41. Kh3 Rg8 0-1


[Site "https://www.chess.com"]

[Event "Titled Tuesday Blitz February 22 Late 2022"]
[White "Mikheev, Stanislav"]
[Black "Gomez Ledo, Roberto Carlos"]
[WhiteFideId "4135920"]
[BlackFideId "3507076"]
[WhiteElo "2249"]
[BlackElo "2379"]
[Result "1-0"]
[Round "10"]
[TimeControl "180+1"]
[Date "2022.02.22"]
[WhiteClock "0:00:14"]
[BlackClock "0:00:05"]

1. d4 Nf6 2. c4 e6 3. Nf3 d5 4. g3 Be7 5. Bg2 O-O 6. O-O dxc4 7. Qc2 a6 8. a4 Bd7 9. Qxc4 Bc6 10. Bg5 Bd5 11. Qc1 h6 12. Bxf6 Bxf6 13. Nc3 Bxf3 14. Bxf3 c6 15. e3 a5 16. Ne4 Na6 17. Rd1 Be7 18. Qc4 Qb6 19. b3 Rfd8 20. Rac1 Qb4 21. Be2 Qxc4 22. bxc4 Nb4 23. h4 f5 24. Nd2 g5 25. hxg5 hxg5 26. Kg2 g4 27. c5 Kg7 28. Nc4 Nd5 29. Rh1 Rh8 30. Rb1 Rxh1 31. Rxh1 Ra7 32. Bd3 Bd8 33. Rb1 Nc3 34. Ra1 Nd5 35. Ne5 Bf6 36. Nd7 Bg5 37. Ra3 Nb4 38. Bb1 b5 39. Ne5 Bf6 40. f3 Bxe5 41. dxe5 gxf3+ 42. Kxf3 Nd5 43. e4 b4 44. Ra1 fxe4+ 45. Bxe4 Rf7+ 46. Kg4 Rf2 47. Bxd5 exd5 48. Re1 Kf7 49. e6+ Ke7 50. Re3 d4 51. Rd3 Kxe6 52. Rxd4 b3 53. Rd6+ Ke5 54. Rxc6 Kd5 55. Rb6 b2 56. Rb5 1-0


[Site "https://www.chess.com"]

[Event "Titled Tuesday Blitz February 22 Late 2022"]
[White "Mirzoev, Azer"]
[Black "Erdogdu, Mert"]
[WhiteFideId "13400304"]
[BlackFideId "6301495"]
[WhiteElo "2525"]
[BlackElo "2485"]
[Result "1/2-1/2"]
[Round "10"]
[TimeControl "180+1"]
[Date "2022.02.22"]
[WhiteClock "0:00:09"]
[BlackClock "0:00:11"]

1. Nf3 d5 2. c4 e6 3. e3 c5 4. d4 Nf6 5. Nc3 a6 6. cxd5 exd5 7. dxc5 Bxc5 8. Be2 Nc6 9. O-O O-O 10. b3 d4 11. Na4 Ba7 12. exd4 Nxd4 13. Nxd4 Bxd4 14. Bb2 Bxb2 15. Nxb2 Re8 16. Bf3 Qe7 17. Re1 Be6 18. Nc4 Rad8 19. Qc1 Qb4 20. h3 Bd5 21. Rxe8+ Rxe8 22. Qd1 Bxf3 23. Qxf3 b5 24. Ne3 Qd2 25. Qc6 Qb2 26. Qc1 Qe5 27. a4 Ne4 28. axb5 axb5 29. Ra2 h5 30. Rc2 g6 31. Nf1 b4 32. Re2 Qd4 33. Qe3 Qxe3 34. Rxe3 Re6 35. Rd3 Nc5 36. Rd4 Nxb3 37. Rxb4 Nc5 38. Rb1 Ne4 39. Re1 Ng5 40. Rxe6 Nxe6 41. Ne3 Kg7 42. Nf1 Kg8 43. Ne3 Kg7 44. Nf1 Kg8 1/2-1/2


[Site "https://www.chess.com"]

[Event "Titled Tuesday Blitz February 22 Late 2022"]
[White "Moroni, Luca Jr"]
[Black "Saraci, Nderim"]
[WhiteFideId "865834"]
[BlackFideId "6351921"]
[WhiteElo "2573"]
[BlackElo "2573"]
[Result "0-1"]
[Round "10"]
[TimeControl "180+1"]
[Date "2022.02.22"]
[WhiteClock "0:00:08"]
[BlackClock "0:01:19"]

1. d4 Nf6 2. c4 e6 3. Nc3 d5 4. cxd5 exd5 5. Bg5 c6 6. e3 Be7 7. Bd3 O-O 8. h3 Re8 9. Qc2 Nbd7 10. Nf3 Nf8 11. O-O Nh5 12. Bxe7 Qxe7 13. Rab1 a5 14. a3 Nf6 15. b4 axb4 16. axb4 Be6 17. b5 c5 18. dxc5 Qxc5 19. Rfc1 N8d7 20. Ne2 Qxc2 21. Rxc2 b6 22. Ned4 Nc5 23. Be2 h6 24. Nd2 Nfe4 25. Nxe4 dxe4 26. Nxe6 Rxe6 27. Rd2 Kf8 28. Bc4 Re7 29. Rd6 Rb8 30. Ra1 Rc7 31. Rc6 Rd7 32. Kh2 g6 33. h4 h5 34. Kg3 Kg7 35. Ra2 Rbb7 36. Ra8 Rd2 37. Rac8 Rc2 38. Bd5 Rd7 39. Rxc5 Rxc5 40. Bc6 Rd2 41. Rb8 Rf5 42. Rxb6 Rfxf2 43. Bxe4 Rb2 44. Rb7 Rfd2 45. Bc6 Rb3 46. Kh2 Rxe3 47. Rc7 Rd4 48. b6 Rxh4+ 49. Kg1 Rb4 50. b7 Rd3 51. Rc8 Rdb3 52. Rc7 Rc3 53. Kh2 Rxc6 54. Rxc6 Rxb7 55. Rc3 Rb4 56. Ra3 h4 57. Kh3 g5 58. Ra5 f6 59. Ra6 Kg6 60. Ra5 Rb3+ 61. Kh2 g4 62. Ra8 h3 63. gxh3 Rxh3+ 64. Kg2 Rb3 65. Ra4 Kg5 66. Rc4 f5 67. Rc2 f4 68. Ra2 Kh4 69. Rc2 f3+ 70. Kf2 g3+ 0-1


[Site "https://www.chess.com"]

[Event "Titled Tuesday Blitz February 22 Late 2022"]
[White "Myers, Dominique"]
[Black "Liang, Jason"]
[WhiteFideId "2041715"]
[BlackFideId "30940303"]
[WhiteElo "1986"]
[BlackElo "1976"]
[Result "0-1"]
[Round "10"]
[TimeControl "180+1"]
[Date "2022.02.23"]
[WhiteClock "0:00:46"]
[BlackClock "0:00:06"]

1. e4 c6 2. d4 d5 3. exd5 cxd5 4. Bd3 Nc6 5. c3 Nf6 6. Bf4 g6 7. Nd2 Bf5 8. Bxf5 gxf5 9. Ngf3 e6 10. Ne5 Bg7 11. Ndf3 O-O 12. O-O Ne7 13. Bg5 Ng6 14. Qe2 Qe8 15. Rfe1 Ne4 16. Bc1 f6 17. Nd3 e5 18. Nb4 Rd8 19. dxe5 fxe5 20. Rd1 Ne7 21. Bg5 Nxg5 22. Nxg5 Qg6 23. Nf3 e4 24. Nd4 f4 25. f3 Kh8 26. Kh1 Rg8 27. Rg1 Bxd4 28. cxd4 Nf5 29. Rge1 e3 30. Rad1 Qh5 31. Kg1 Nh4 32. g4 fxg3 33. Qxe3 Nxf3+ 34. Kf1 g2+ 35. Kf2 Rdf8 36. Ke2 Nxe1+ 37. Kd2 g1=Q 38. Rxe1 Qxe3+ 39. Rxe3 Rf2+ 40. Kc3 Rc8+ 41. Kb3 Qd1+ 42. Ka3 Qc1 43. Rb3 a5 44. Nxd5 Rc4 45. Rxb7 Rf3+ 0-1


[Site "https://www.chess.com"]